 Dungeon Crawl Stone Soup version 0.26.1-11-gd32895ea62 (webtiles) character file.

Game seed: 13893238411162648648

53 Urokeeper the Sneak (level 3, -5/21 HPs)
             Began as a Vampire Brigand on July 22, 2021.
             Slain by a gnoll
             ... wielding a +0 flail
              (10 damage)
             ... on level 2 of the Dungeon.
             The game lasted 00:10:47 (1158 turns).

Urokeeper the Sneak (Vampire Brigand)               Turns: 1158, Time: 00:10:48

Health: -5/21      AC:  0    Str:  8 (10) XL:     3   Next: 62%
Magic:  3/3        EV: 19    Int: 11 (13) God:
Gold:   66         SH:  0    Dex: 19 (21) Spells: 2/2 levels left

rFire    . . .     SeeInvis +   (weapon currently unavailable)
rCold    + + .     Faith    .   (shield currently unavailable)
rNeg     + + +     Spirit   .   (armour currently unavailable)
rPois    ∞         Reflect  .   (helmet currently unavailable)
rElec    .         Harm     .   (cloak currently unavailable)
rCorr    .         Rampage  .   (gloves currently unavailable)
Will     .....                  (boots currently unavailable)
Stlth    ++++++....             (no amulet)
HPRegen  0.00/turn              (ring currently unavailable)
MPRegen  0.08/turn              (ring currently unavailable)

@: bat-form, flying, bloodless, very quick
A: tiny, fangs 3, see invisible
a: Revivify, Stop Flying, End Transformation


You were on level 2 of the Dungeon.
You were in vampire-bat-form.
You visited 1 branch of the dungeon, and saw 2 of its levels.

You collected 66 gold pieces.

Inventory:

Hand Weapons
 a - a +2 dagger (melded)
 o - a +0 hunting sling
Missiles
 d - 3 poisoned darts (quivered)
 e - 9 curare-tipped darts
 p - a stone
Armour
 b - a +0 robe
 c - a +0 cloak (melded)
 k - a +0 helmet (melded)
 l - a +0 leather armour (melded)
 m - a +0 robe
Scrolls
 f - a scroll of amnesia {unknown}
 h - a scroll of enchant weapon {unknown}
 i - a scroll of identify {unknown}
 n - 3 scrolls of teleportation {unknown}
Potions
 g - a potion of degeneration {unknown}
 j - a potion of haste {unknown}


   Skills:
 + Level 1.9 Fighting
 + Level 2.3 Short Blades
 + Level 1.9 Throwing
 + Level 1.2 Dodging
 + Level 7.5 Stealth


You had 2 spell levels left.
You didn't know any spells.
Your spell library was empty.

Dungeon Overview and Level Annotations

Branches:
Dungeon (2/15)

Altars:


Innate Abilities, Weirdness & Mutations

You do not regenerate when monsters are visible.
You are frail without blood (-20% HP).
You can heal yourself when you bite living creatures.
You are immune to poison.
You have razor-sharp teeth.
You have supernaturally acute eyesight. (SInv)
((You can survive without breathing.))


Message History

The gnoll barely misses you.
Now bloodless.
You turn into a vampire bat.
Your +2 dagger melds into your body.
Your +0 cloak melds into your body.
Your +0 helmet melds into your body.
Your +0 leather armour melds into your body.
You feel weakened.
You feel dopey.
You feel clumsy.
The gnoll completely misses you. x2; The gnoll closely misses you.
You see here a kobold corpse.
Found a stone staircase leading down.
A quokka skeleton comes into view.
Found 12 gold pieces.
Found 2 scrolls labelled BINERO FUOH.
You now have 66 gold pieces (gained 12).
The gnoll hits you with a +0 flail!
Ouch! That really hurt!
* * * LOW HITPOINT WARNING * * *
You barely miss the gnoll. The gnoll closely misses you.
The gnoll hits you with a +0 flail!
You die...

########## #........#
#.. #........# #..
#...g.g..# #..
#.....g..# #..
#......b.# #..
#........#############..
#..........>Z...........
#........##.##########..
########.##.....g.g...g.
#.############### #?# #
#.# # #.# #


You could see 3 gnolls.

Vanquished Creatures
  A gnoll (D:2)
  An ooze (D:2)
  2 dart slugs (D:1)
  3 leopard geckos
  6 bats
  A giant cockroach (D:1)
  4 goblins (D:1)
  4 hobgoblins (D:1)
  6 kobolds
  3 frilled lizards
  A rat (D:2)
32 creatures vanquished.

Notes
Turn   | Place    | Note
-------+----------+-------------------------------------------
     0 | D:1      | Urokeeper the Vampire Brigand began the quest for the Orb.
     0 | D:1      | Reached XP level 1. HP: 16/16 MP: 1/1
    30 | D:1      | Reached skill level 6 in Stealth
   128 | D:1      | Reached XP level 2. HP: 22/22 MP: 2/2
   384 | D:1      | Reached skill level 7 in Stealth
   489 | D:1      | Reached XP level 3. HP: 11/27 MP: 3/3
  1158 | D:2      | Slain by a gnoll

Illustrated notes

Levels and vault maps discovered:
D:1:      shiori_arrival_elements, layout_basic, serial_bayou_crossing
D:2:      layout_basic

Skill      XL: |  1  2 |
---------------+-------+-----
Stealth        | 6 7 |  7.5
Fighting       | |  1.9
Short Blades   | |  2.3
Throwing       | |  1.9
Dodging        | |  1.2

Action                   || total
-------------------------++-------
Melee: Dagger            ||    63
       Bite              ||     7
       Unarmed           ||     1
Throw: Dart              ||    19
 Abil: Bat Form          ||     1
       Exsanguinate      ||     1
 Stab: Sleeping          ||     3
Armor: Robe              ||    12
       Leather armour    ||     4
Dodge: Dodged            ||    75
